Map: [ESL] Goldenaura

Players

GuMiho

  • Race: Terran Terran
  • Spawn Location: 5:00

Creator - Winner!

  • Race: Protoss Protoss
  • Spawn Location: 12:00

Event: ESL SC2 Masters 2023 Winter (Finals)

VOD

Have the link to the VOD?

Description

Time

  • Played on: Dec. 16, 2023, 11:41 a.m.
  • Length: 15:13

All games in this series

Show
View Real Time Build Order
Export as new Build Order

GuMiho Terran 

Build Orders:  

Get SALT Encoding   

  12  0:00  SCV  
  13  0:12  SCV  
  14  0:17  Supply Depot  
  14  0:24  SCV  
  15  0:38  SCV  
  15  0:39  Barracks  
  16  0:43  Refinery  
  16  0:50  SCV  
  16  0:52  Refinery  
  17  1:02  SCV  
  18  1:15  SCV  
  20  1:25  Reaper  
  20  1:27  Orbital Command  
  20  1:33  Supply Depot  
  20  1:40  Factory  
  20  1:52  SCV  
  21  1:57  Barracks Reactor  
  21  2:04  SCV  
  22  2:16  Command Center  
  22  2:18  SCV  
  23  2:24  Hellion  
  25  2:30  Supply Depot  
  25  2:32  SCV  
  25  2:34  Reaper  
  27  2:37  Reaper  
  28  2:44  SCV  
  28  2:46  Hellion  
  31  2:56  SCV  
  31  3:05  Starport  
  31  3:08  SCV  
  31  3:09  Hellion  
  31  3:11  Reaper  
  35  3:14  Reaper  
  36  3:20  SCV  
  37  3:32  SCV  
  37  3:33  Factory Tech Lab  
  38  3:37  Orbital Command  
  38  3:43  Starport Tech Lab, Marine  
  38  3:45  SCV  
  38  3:46  Marine, Refinery  
  41  3:54  Siege Tank  
  44  3:57  SCV  
  44  3:59  Supply Depot  
  45  4:03  SCV  
  46  4:14  SCV  
  46  4:15  SCV  
  48  4:24  Marine x2  
  48  4:30  SCV x2  
  45  4:32  Siege Tank  
  45  4:34  Raven  
  45  4:38  Barracks  
  50  4:42  SCV, Marine x2  
  50  4:45  SCV  
  54  4:47  Supply Depot  
  54  4:49  Supply Depot  
  54  4:54  SCV  
  54  4:57  SCV  
  54  4:59  Marine x2  
  56  5:04  Siege Tank  
  56  5:06  SCV  
  62  5:13  SCV, Supply Depot, Engineering Bay  
  63  5:17  Refinery  
  63  5:18  Marine  
  63  5:19  SCV, Marine  
  63  5:20  Liberator  
  69  5:25  SCV  
  69  5:28  Barracks  
  70  5:31  SCV  
  70  5:33  Supply Depot  
  71  5:38  Terran Infantry Weapons Level 1, SCV  
  71  5:39  Marine x2  
  71  5:41  Supply Depot  
  74  5:42  Stimpack  
  74  5:43  SCV  
  74  5:47  Marine  
  74  5:49  Siege Tank  
  79  5:54  SCV  
  79  5:55  SCV  
  81  6:05  Starport Reactor  
  81  6:06  SCV  
  81  6:08  Command Center  
  82  6:13  SCV  
  82  6:15  Supply Depot  
  83  6:25  Barracks, SCV x2  
  84  6:26  Barracks  
  84  6:28  Marauder  
  84  6:29  Marauder  
  84  6:30  Combat Shield  
  84  6:32  Marine  
  89  6:34  Marine  
  89  6:36  Factory Reactor  
  91  6:42  Medivac x2  
  91  6:46  SCV x2  
  97  6:48  Supply Depot  
  95  6:55  Marine, Marauder x2  
  95  6:56  Marine  
  95  6:59  SCV  
  95  7:00  SCV  
  103  7:04  Supply Depot  
  103  7:13  Medivac  
  103  7:14  Medivac  
  107  7:16  Marauder x2  
  107  7:18  Barracks Tech Lab  
  107  7:19  Barracks Reactor  
  107  7:20  Marine  
  112  7:31  SCV x2  
  114  7:37  Marauder  
  114  7:38  Marauder  
  114  7:43  SCV x2  
  120  7:44  Terran Infantry Armor Level 1  
  120  7:50  Viking x2  
  124  7:54  Orbital Command  
  124  7:57  Marauder  
  126  7:59  Marauder x2  
  110  8:18  Marauder  
  105  8:20  Viking x2, Marauder x2, Marine x4  
  105  8:21  SCV x2  
  105  8:22  SCV  
  105  8:25  Concussive Shells, Refinery  
  105  8:26  Refinery  
  118  8:29  Supply Depot  
  118  8:31  Supply Depot  
  118  8:36  SCV x2  
  118  8:38  Armory, SCV  
  118  8:39  Marine  
  118  8:40  Ghost Academy  
  120  8:55  Marauder x2, Marine x3  
  124  8:56  Marine  
  124  8:57  Viking x2, Widow Mine x2  
  124  9:00  SCV x3  
  139  9:05  Supply Depot  
  139  9:06  Supply Depot  
  138  9:13  Ghost  
  138  9:16  Ghost x2  
  144  9:21  Supply Depot  
  144  9:26  Command Center  
  144  9:29  Terran Ship Weapons Level 1  
  144  9:35  Viking x2  
  144  9:38  Terran Infantry Weapons Level 2  
  148  9:47  Marine, Marauder x3  
  148  9:48  Marine x3  
  158  9:55  Supply Depot  
  158  10:06  Marine x2  
  156  10:08  Widow Mine x2  
  156  10:09  Marauder x3  
  133  10:30  Marauder x3  
  133  10:32  Liberator x2  
  133  10:33  Marine  
  135  10:46  Marine x2  
  135  10:49  SCV x2  
  137  10:51  Planetary Fortress, Marauder x2  
  137  10:52  Marauder  
  141  10:59  Missile Turret  
  141  11:05  Marine x4  
  141  11:09  Fusion Core  
  141  11:11  SCV x3  
  147  11:12  Starport  
  147  11:13  Sensor Tower, Refinery x2  
  147  11:17  Liberator  
  147  11:18  Liberator  
  154  11:20  Sensor Tower  
  154  11:22  Marauder  
  154  11:23  SCV x3  
  154  11:25  Missile Turret  
  155  11:26  Terran Ship Weapons Level 2  
  154  11:35  SCV x3  
  157  11:47  SCV  
  157  11:49  SCV x2  
  157  11:52  Barracks  
  157  11:53  Barracks  
  160  11:54  Barracks  
  160  11:56  Advanced Ballistics  
  160  11:58  Engineering Bay  
  160  11:59  SCV  
  161  12:02  Liberator, Missile Turret  
  161  12:05  Liberator  
  167  12:09  Liberator  
  167  12:12  Liberator  
  173  12:18  Terran Infantry Weapons Level 3  
  173  12:24  Terran Infantry Armor Level 2, Missile Turret  
  171  12:45  Liberator  
  171  12:48  Liberator  
  176  12:52  Command Center  
  176  13:00  Barracks Reactor, Barracks Tech Lab x2  
  176  13:08  Caduceus Reactor  
  173  13:21  Liberator x2  
  164  13:28  Liberator  
  164  13:30  Marauder x2  
  168  13:36  Marauder x2, Marine x2  
  168  13:37  Liberator, Marauder  
  168  13:40  Marine x3  
  168  13:41  Marine  
  179  13:51  Command Center  
  179  13:52  Marauder x2  
  179  13:53  Marine  
  179  13:54  Marine  
  180  13:57  Marauder x2  
  180  13:58  Marine x3  
  150  14:04  Marine x2  
  150  14:05  Liberator x2  
  143  14:11  Liberator, Marine  
  143  14:13  Marauder x2, Marine  
  143  14:16  Marauder, Marine  
  155  14:19  Marauder x2  
  155  14:20  Liberator, Marine  
  128  14:32  Marine x3  
  128  14:33  Marine  
  128  14:34  Marauder, Marine  
  128  14:35  Marauder  
  128  14:37  Marauder  
  109  14:40  Marauder x2  
  109  14:44  Marine  
  98  14:50  Marine  
  96  14:54  Marine  
Show
View Real Time Build Order
Export as new Build Order

Creator Protoss - Winner!

Build Orders: 1 Gate Expand, Blink Stalkers, Colossus Rush 

Get SALT Encoding   

  12  0:00  Probe  
  13  0:12  Probe  
  14  0:18  Pylon  
  14  0:24  Probe (Chrono Boost)  
  15  0:37  Gateway, Probe (Chrono Boost)  
  16  0:43  Probe (Chrono Boost)  
  16  0:46  Assimilator  
  17  0:52  Probe  
  18  1:04  Probe  
  19  1:16  Probe  
  20  1:25  Cybernetics Core  
  20  1:32  Nexus  
  20  1:38  Pylon  
  20  1:42  Probe  
  20  1:46  Assimilator  
  21  1:54  Probe  
  21  1:59  Adept (Chrono Boost)  
  22  2:03  Shield Battery  
  22  2:06  Probe  
  25  2:09  Warp Gate  
  25  2:18  Adept (Chrono Boost), Probe  
  28  2:29  Twilight Council  
  28  2:32  Probe  
  29  2:41  Stalker  
  31  2:45  Probe  
  31  2:47  Probe  
  33  2:58  Probe (Chrono Boost)  
  34  3:02  Shield Battery  
  34  3:05  Probe (Chrono Boost)  
  35  3:07  Blink (Chrono Boost)  
  35  3:08  Probe (Chrono Boost)  
  36  3:14  Probe x2 (Chrono Boost)  
  38  3:22  Gateway  
  38  3:25  Probe  
  39  3:28  Probe  
  39  3:37  Robotics Facility, Probe  
  39  3:40  Probe  
  41  3:48  Gateway, Pylon  
  41  3:49  Probe  
  41  3:52  Probe  
  43  3:56  Stalker  
  43  4:02  Probe  
  46  4:06  Probe  
  46  4:07  Pylon  
  47  4:17  Stalker  
  47  4:22  Probe (Chrono Boost)  
  46  4:25  Probe (Chrono Boost)  
  46  4:26  Stalker  
  46  4:29  Observer  
  47  4:34  Probe (Chrono Boost)  
  47  4:37  Probe (Chrono Boost)  
  49  4:43  Probe (Chrono Boost)  
  49  4:45  Assimilator x2, Probe (Chrono Boost)  
  51  4:49  Probe x2 (Chrono Boost), Pylon  
  53  4:58  Robotics Bay  
  53  5:01  Probe (Chrono Boost)  
  53  5:03  Probe (Chrono Boost)  
  55  5:08  Forge  
  55  5:11  Observer (Chrono Boost)  
  55  5:13  Probe (Chrono Boost)  
  58  5:17  Nexus  
  58  5:18  Probe (Chrono Boost)  
  58  5:19  Probe (Chrono Boost)  
  59  5:22  Pylon  
  59  5:24  Sentry  
  59  5:25  Probe  
  59  5:28  Observer x2 (Chrono Boost), Probe  
  64  5:35  Pylon, Phoenix  
  64  5:37  Probe  
  64  5:40  Probe  
  64  5:41  Protoss Ground Weapons Level 1  
  66  5:51  Probe  
  66  5:52  Pylon, Colossus (Chrono Boost)  
  66  5:53  Probe  
  74  6:03  Probe  
  75  6:05  Shield Battery, Probe  
  75  6:06  Sentry  
  75  6:10  Pylon  
  78  6:15  Probe  
  78  6:17  Probe  
  80  6:19  Extended Thermal Lance, Pylon  
  80  6:27  Probe  
  80  6:29  Zealot x3, Probe  
  88  6:35  Colossus (Chrono Boost)  
  88  6:38  Probe  
  88  6:39  Probe  
  96  6:41  Probe  
  96  6:43  Charge (Chrono Boost)  
  96  6:45  Gateway  
  97  6:47  Gateway  
  97  6:55  Gateway  
  97  6:58  Shield Battery  
  97  7:00  Shield Battery  
  97  7:03  Stalker x2  
  97  7:07  Stalker  
  100  7:19  Immortal (Chrono Boost)  
  102  7:31  Zealot x3  
  102  7:35  Pylon  
  108  7:37  Probe x3, Pylon  
  111  7:45  Stalker x2  
  111  7:49  Pylon  
  111  7:50  Pylon  
  115  7:51  Zealot x4  
  115  7:55  Immortal (Chrono Boost)  
  96  8:18  Stalker x2  
  96  8:19  Zealot x4  
  100  8:20  Probe x3  
  103  8:28  Disruptor  
  103  8:33  Probe x3  
  110  8:34  Nexus  
  110  8:39  Pylon  
  110  8:40  Templar Archives  
  110  8:41  Stalker x2  
  114  8:49  Zealot x3  
  120  8:56  Probe  
  120  8:57  Probe x2  
  120  8:59  Stargate  
  120  9:02  Shield Battery  
  123  9:04  Disruptor (Chrono Boost)  
  123  9:09  Probe x3  
  130  9:12  Stalker x3  
  130  9:16  Assimilator  
  136  9:18  Assimilator  
  136  9:20  Forge  
  136  9:29  Observer  
  136  9:31  Probe x3  
  139  9:32  Warp Prism  
  139  9:37  High Templar x2, Zealot  
  147  9:44  Archon  
  147  9:46  Observer  
  147  9:49  Assimilator  
  147  9:53  Assimilator  
  147  9:56  Stalker x2  
  151  10:06  Zealot x2  
  149  10:08  Disruptor  
  149  10:09  Zealot x2  
  141  10:24  Stalker x2  
  127  10:28  Stalker x2  
  127  10:35  Zealot x2  
  127  10:42  Disruptor (Chrono Boost)  
  112  10:47  Stalker x2  
  112  10:49  Gateway  
  109  10:51  Gateway  
  109  10:54  Protoss Ground Weapons Level 2 (Chrono Boost)  
  109  10:55  Stalker x2  
  111  10:59  Stalker x2  
  115  11:05  Gateway  
  115  11:07  Disruptor (Chrono Boost), Gateway  
  115  11:08  Robotics Facility  
  115  11:11  Dark Shrine  
  119  11:15  Nexus  
  119  11:17  Sentry  
  119  11:18  Zealot x3  
  127  11:19  Probe x3  
  127  11:21  Pylon  
  130  11:38  High Templar x2, Stalker x2  
  138  11:40  Probe x2  
  138  11:41  Probe  
  138  11:42  Shield Battery  
  138  11:43  Archon, Disruptor (Chrono Boost), Photon Cannon  
  138  11:44  Zealot  
  147  11:47  Assimilator  
  147  11:49  Assimilator  
  147  11:55  Observer  
  147  11:57  Disruptor (Chrono Boost)  
  151  12:04  Photon Cannon  
  151  12:05  Stalker  
  151  12:06  Disruptor (Chrono Boost), Shield Battery  
  157  12:09  Observer, Pylon  
  157  12:14  Pylon  
  157  12:15  Pylon  
  157  12:24  Pylon  
  157  12:32  Warp Prism (Chrono Boost)  
  157  12:34  Dark Templar x2  
  157  12:35  Disruptor (Chrono Boost)  
  163  12:40  Archon  
  163  12:43  Sentry  
  167  12:44  Zealot x2  
  167  12:45  Zealot x2  
  175  12:51  Protoss Shields Level 1 (Chrono Boost)  
  175  12:55  Gravitic Drive, Gateway  
  175  12:58  Stalker  
  177  13:00  Disruptor  
  177  13:05  Observer  
  181  13:07  Stalker x2  
  183  13:17  Probe x4  
  181  13:29  Stalker  
  181  13:30  Stalker x6  
  194  13:36  Stalker  
  194  13:37  Stalker x2  
  166  14:04  Stalker x9  
  178  14:13  Zealot x2  
  154  14:35  Stalker x6  
  156  14:48  Stalker x3  
  148  15:07  Stalker x5  
Tags
 
Add a new tag
Caveats
  • Supply blocks, unpowered buildings, or Contaminate may cause inaccurate times.
  • Supply counts are checked every 10 seconds.